 Dungeon Crawl Stone Soup version 0.26.1-2-gb8aa6d0 (webtiles) character file.

Game seed: 565056392361020975

1 Geeful the Sneak (level 1, -3/16 HPs)
             Began as an Octopode Delver on Apr 7, 2021.
             Slain by a sky beast (5 damage)
             ... on level 5 of the Dungeon.
             The game lasted 00:01:03 (86 turns).

Geeful the Sneak (Octopode Delver)                    Turns: 86, Time: 00:01:04

Health: -3/16      AC:  1    Str: 11    XL:     1   Next: 20%
Magic:  1/1        EV: 13    Int: 17    God:
Gold:   0          SH:  0    Dex: 13    Spells: 0/0 levels left

rFire    . . .     SeeInvis .   j - +7 scimitar of a sewer {pain, Int+5}
rCold    . . .     Faith    .   (no shield)
rNeg     . . .     Spirit   .   (helmet restricted)
rPois    .         Reflect  .   (no amulet)
rElec    .         Harm     .   (no ring)
rCorr    .         Rampage  .   (no ring)
Will     .....                  (no ring)
Stlth    ++++......             (no ring)
HPRegen  0.05/turn              (no ring)
MPRegen  0.07/turn              (no ring)
                                (no ring)
                                (no ring)

@: no status effects
A: almost no armour, stealthy swim, amphibious, 8 rings, constrict 8, camouflage
1, gelatinous body 1
a: no special abilities


You were on level 5 of the Dungeon.
You visited 1 branch of the dungeon, and saw 2 of its levels.

Inventory:

Hand Weapons
 a - a +0 short sword
 j - the +7 scimitar of a sewer (weapon) {pain, Int+5}
   (You found it on level 5 of the Dungeon)

   In the hands of one skilled in necromantic magic, it inflicts extra damage on
   living creatures.
   It affects your intelligence (+5).
Armour
 k - a +0 kite shield
Wands
 f - a wand of digging (3)
 g - a wand of random effects (6)
Scrolls
 b - a scroll of fog
 c - a scroll of magic mapping
 d - a scroll of fear
 h - 2 scrolls of remove curse {unknown}
 i - a scroll of identify {unknown}
Potions
 e - a potion of haste


   Skills:
 + Level 3.0 Fighting
 - Level 2.0 Short Blades
 + Level 2.0 Dodging
 + Level 6.6 Stealth
 + Level 0.0 Shields
 + Level 0.0 Spellcasting


You couldn't memorise any spells.
You didn't know any spells.
Your spell library was empty.

Dungeon Overview and Level Annotations

Branches:
Dungeon (6/15)
 Temple: D:4-7

Altars:
Okawaru


Innate Abilities, Weirdness & Mutations

You cannot wear most types of armour.
You are very stealthy in the water. (Stealth+)
You are amphibious.
You can wear up to eight rings at the same time.
You can use your tentacles to constrict eight enemies at once.
Your skin changes colour to match your surroundings (Stealth+).
Your rubbery body absorbs attacks. (AC +1, EV +1)


Message History

You see here a kite shield.
k - a kite shield
Found an iron altar of Okawaru.
You see here a spiked ring mail.
A giant cockroach comes into view.
The giant cockroach misses you.
You riposte.
You hit the giant cockroach.
You kill the giant cockroach!
No target in view!
No target in view!
A sky beast comes into view.
The helpless sky beast fails to defend itself.
You slash the sky beast!
The sky beast is moderately wounded.
The sky beast hits you. The sky beast shocks you.
You slash the sky beast! Your squeeze misses the sky beast.
The sky beast is heavily wounded.
The sky beast hits you.
* * * LOW HITPOINT WARNING * * *
The sky beast shocks you.
You die...

#.# ###.#.####
#.#####.#.#
#.........#
#######.### ### #.#
# ..# #.# #.####.#
#.#
#.....Y#########.##
#.....@##.......[.#
#.........#####...#
#......#### #.....#
#......# #........
#.#.##.# #.........
#... ..# #..##...##
### ### #..# ....#
#... ._...


You could see a sky beast.

Vanquished Creatures
  A giant cockroach (D:5)
1 creature vanquished.

Notes
Turn   | Place    | Note
-------+----------+-------------------------------------------
     0 | D:5      | Geeful the Octopode Delver began the quest for the Orb.
     0 | D:5      | Reached XP level 1. HP: 16/16 MP: 1/1
     3 | D:6      | Noticed a scorpion
    12 | D:5      | Noticed a worker ant
    52 | D:5      | Got a polished scimitar
    53 | D:5      | Identified the +7 scimitar of a sewer {pain, Int+5} (You
                  | found it on level 5 of the Dungeon)
    73 | D:5      | Found an iron altar of Okawaru.
    83 | D:5      | Noticed a sky beast
    86 | D:5      | Slain by a sky beast

Illustrated notes

Levels and vault maps discovered:
D:5:      layout_loops_corners, general_overflow_altar, okawaru_gym_becter,
          uniq_blork_the_orc, uniq_eustachio, uniq_ijyb, uniq_edmund,
          uniq_menkaure
D:6:      layout_cave_pools, kennysheep_mini, chequers_jeans,
          grunt_ministairs_6, uniq_grinder

Action                   || total
-------------------------++-------
Melee: Scimitar          ||     2
 Stab: Sleeping          ||     1
Dodge: Dodged            ||     1
       Rpst.: Scimitar   ||     1
